 Dungeon Crawl Stone Soup version 0.24.0-1-gfbc8707122 (console) character file.

Game seed: 12133822441920022539, levelgen mode: deterministic

19 Garrluk the Firebug (level 2, 0/15 HPs)
             Began as a Deep Elf Fire Elementalist on Oct 27, 2019.
             Succumbed to an adder's poison
             ... on level 2 of the Dungeon.
             The game lasted 00:01:14 (154 turns).

Garrluk the Firebug (Deep Elf Fire Elementalist)     Turns: 154, Time: 00:01:15

Health: 0/15       AC:  2    Str:  5    XL:     2   Next: 55%
Magic:  0/8        EV: 13    Int: 19    God:
Gold:   19         SH:  0    Dex: 15    Spells: 6/7 levels left

rFire    . . .     SeeInvis .   e - +0 dagger
rCold    . . .     Gourm    .   (no shield)
rNeg     . . .     Faith    .   a - +0 robe
rPois    .         Spirit   .   (no helmet)
rElec    .         Reflect  .   (no cloak)
rCorr    .         Harm     .   (no gloves)
MR       .....                  (no boots)
Stlth    ++........             (no amulet)
HPRegen  0.05/turn              d - ring of flight
MPRegen  0.11/turn              (no ring)

@: lethally poisoned (0 -> -10), very slightly contaminated
A: no striking features
a: Evoke Flight


You were on level 2 of the Dungeon.
You were not hungry.

You visited 1 branch of the dungeon, and saw 2 of its levels.

You collected 19 gold pieces.

Inventory:

Hand Weapons
 e - a +0 dagger (weapon)
Armour
 a - a +0 robe (worn)
Jewellery
 d - a ring of flight (left hand)
Scrolls
 f - a scroll of magic mapping {unknown}
Comestibles
 c - 2 rations


   Skills:
 - Level 2.4 Dodging
 - Level 2.4 Stealth
 + Level 3.4 Spellcasting
 * Level 2.1 Conjurations
 + Level 3.5 Fire Magic


You had 6 spell levels left.
You knew the following spells:

 Your Spells              Type           Power        Failure   Level  Hunger
a - Flame Tongue          Conj/Fire      ##...        4%          1    None

Your spell library contained the following spells:

 Spells                   Type           Power        Failure   Level  Hunger
 Throw Flame              Conj/Fire      ##....       7%          2    ##.....
 Conjure Flame            Conj/Fire      ##......     14%         3    ###....
 Inner Flame              Hex/Fire       ##......     22%         3    ###....
 Sticky Flame             Conj/Fire      ##......     41%         4    ####...
 Fireball                 Conj/Fire      ##........   77%         5    ######.


Dungeon Overview and Level Annotations

Branches:
Dungeon (2/15)

Altars:


Message History

You hit the adder but do no damage.
The adder is severely wounded.
* * * LOW HITPOINT WARNING * * *
You feel sick. The adder closely misses you.
You hit the adder.
The adder is severely wounded.
The adder closely misses you. x2
Casting: Flame Tongue (safe; 4% risk of failure)
Confirm with . or Enter, or press ? or * to list all spells.
Aiming: Flame Tongue (safe; 4% risk of failure)
Press: ? - help, Shift-Dir - straight line, f/p - adder
Aim: an adder (severely wounded)
The flame tongue hits the adder!
You kill the adder!
Your Conjurations skill increases to level 2!
* * * LOW HITPOINT WARNING * * *
You feel sick.
You see here an adder corpse.
You butcher the adder corpse.
You die...

### ...
#.#####
####...<.##
#........@##
......#####.#
...## #.# #
.. ##.#.#
#....#
#..#....#
....#.##.#
#....# # #
#.....#
........
###.....#


There were no monsters in sight!

Vanquished Creatures
  An adder (D:2)
  2 hobgoblins (D:1)
  3 kobolds (D:1)
  A bat (D:1)
  2 frilled lizards (D:1)
  2 rats (D:1)
11 creatures vanquished.

Notes
Turn   | Place    | Note
-------+----------+-------------------------------------------
     0 | D:1      | Garrluk the Deep Elf Fire Elementalist began the quest for
                  | the Orb.
     0 | D:1      | Reached XP level 1. HP: 10/10 MP: 6/6
    59 | D:1      | Reached XP level 2. HP: 15/15 MP: 1/8
   154 | D:2      | Succumbed to an adder's poison

Levels and vault maps discovered:
D:1:      saegor_arrival_miasma, layout_loops_ring, serial_glass,
          glass_columns_c, glass_columns_a, minmay_misc_feat_iff,
          hangedman_abyss_or_decor_stabs, minmay_3d_cube
D:2:      layout_loops_ring, grunt_temple_overflow_growth_and_decay,
          lightli_temple_of_fire, eat_drink_and_be_merry_uskayaw,
          gammafunk_temple_overflow_elements, overflow_temple_1_default,
          nrook_loot_triangle, kennysheep_another_room,
          kennysheep_generic_room_7

Skill      XL: |  1  2 |
---------------+-------+-----
Conjurations   | 2 |  2.1
Dodging        | |  2.4
Stealth        | |  2.4
Spellcasting   | |  3.4
Fire Magic     | |  3.5

Action                   || total
-------------------------++-------
Melee: Dagger            ||     6
       Unarmed           ||     3
 Cast: Flame Tongue      ||    19
  Use: Potion            ||     1
Armor: Robe              ||     3
Dodge: Dodged            ||    18
